 Dungeon Crawl Stone Soup version 0.18.1-1-g2f07953 (webtiles) character file.

15 imoen the Insei (level 2, 0/16 HPs)
             Began as a Vine Stalker Monk on May 6, 2016.
             Succumbed to an adder's poison
             ... on level 2 of the Dungeon.
             The game lasted 00:00:48 (105 turns).

imoen the Insei (Vine Stalker Monk)                  Turns: 105, Time: 00:00:49

Health: 0/16       AC:  2    Str: 13    XL:     2   Next: 50%
Magic:  3/3        EV: 13    Int: 10    God:
Gold:   7          SH:  0    Dex: 16    Spells: 0 memorised, 1 level left

rFire  + . .     SeeInvis .       - Unarmed
rCold  + . .     Gourm    .     a - +0 robe
rNeg   . . .     Faith    .     (no shield)
rPois  +         Spirit   +     (no helmet)
rElec  +         Dismiss  .     (no cloak)
rCorr  +         Reflect  .     (no gloves)
SustAt .         Harm     .     (no boots)
MR     .....                    (no amulet)
Stlth  ++........               (no ring)
                                (no ring)

@: lethally poisoned (0 -> -4), resistant, not resistant to hostile
enchantments, unstealthy
A: fangs 2, regeneration 1, magic shield, antimagic bite, no device heal 3, rot
immunity
a: no special abilities


You were on level 2 of the Dungeon.
You were not hungry.

You visited 1 branch of the dungeon, and saw 2 of its levels.

You collected 7 gold pieces.

Inventory:

Armour
 a - a +0 robe (worn)
Scrolls
 c - a scroll of enchant armour {unknown}
 d - a scroll of teleportation {unknown}
Potions
 g - a potion of lignification {unknown}
Comestibles
 b - a bread ration


   Skills:
 - Level 2.6 Fighting
 - Level 2.4 Dodging
 - Level 2.4 Stealth
 + Level 4.6 Unarmed Combat


You had one spell level left.
You didn't know any spells.

Dungeon Overview and Level Annotations

Branches:
Dungeon (2/15)

Altars:
Dithmenos
Elyvilon
Kikubaaqudgha
Xom
Zin
The Shining One


Innate Abilities, Weirdness & Mutations

You have extremely sharp teeth.
Your natural rate of healing is unusually fast.
When hurt, damage is shared between your health and your magic reserves.
Your bite disrupts and absorbs the magic of your enemies.
Potions and wands cannot restore your health.
You are immune to rotting.


Message History

A goblin comes into view. It is wielding a club.
The kobold shouts!
The kobold throws a stone.
The stone hits you but does no damage.
The goblin moves out of view.
The kobold throws a stone.
The stone barely misses you.
The kobold throws a stone.
The stone hits you.
Things that are here:
a stone; an orange potion You take 1 damage, and have 10/11 hp.
You now have 1/2 mp.
Okay, then.
The kobold hits you but does no damage.
Health restored: 11 You hit the kobold.
You kill the kobold!
A giant newt comes into view.
Things that are here:
2 stones; a kobold corpse You hit the goblin.
You punch the goblin, but do no damage. Your bite misses the goblin.
The goblin misses you.
You hit the goblin.
You kill the goblin!
You barely miss the giant newt.
You bite the giant newt, but do no damage.
The giant newt bites you.
You take 1 damage, and have 10/11 hp.
You miss the giant newt. Your bite misses the giant newt.
You hit the giant newt.
You kill the giant newt!
No target in view!
No target in view!
There is an escape hatch in the floor here.
Health restored: 11; MP restored: 2 You slide downwards.
The hatch slams shut behind you.
Found a shadowy altar of Dithmenos and a glowing silver altar of Zin.
Unknown command.
Found a glowing golden altar of the Shining One.
There is a shadowy altar of Dithmenos here.
Found a white marble altar of Elyvilon.
Found an ancient bone altar of Kikubaaqudgha.
You now have 7 gold pieces.
An adder and a rat come into view.
Found a shimmering altar of Xom.
There is an ancient bone altar of Kikubaaqudgha here.
A giant cockroach comes into view.
You see here a cyan potion.
g - a cyan potion Unknown command.
Unknown command.
Unknown command.
You closely miss the adder. Your bite misses the adder. The adder misses you.
You closely miss the adder. Your bite misses the adder.
The adder bites you but does no damage.
You closely miss the adder. Your bite misses the adder.
The adder bites you but does no damage.
You hit the adder but do no damage. The adder closely misses you.
You hit the adder. The adder bites you.
* * * LOW HITPOINT WARNING * * *
You take 4 damage, and have 7/11 hp.
MASSIVE DAMAGE!!
You now have 1/2 mp.
You closely miss the adder. Your bite misses the adder. The adder misses you.
The adder barely misses you.
You closely miss the adder. You bite the adder. You drain its power.
You feel invigorated. The adder bites you.
* * * LOW HITPOINT WARNING * * *
You are poisoned.
The adder poisons you!
You take 2 damage, and have 6/11 hp.
You barely miss the adder. Your bite misses the adder.
You feel sick. The adder barely misses you.
You take 1 damage, and have 5/11 hp.
You hit the adder but do no damage. You bite the adder, but do no damage.
The adder misses you.
Unknown command.
You hit the adder but do no damage. You bite the adder. You drain its power.
You feel invigorated.
You feel sick. The adder closely misses you.
You take 1 damage, and have 4/11 hp.
MP restored: 2 You barely miss the adder.
The adder bites you.
* * * LOW HITPOINT WARNING * * *
You are more poisoned.
The adder poisons you! The adder barely misses you.
You take 2 damage, and have 2/11 hp.
Unknown command.
You hit the adder.
You kill the adder!
You have reached level 2!
* * * LOW HITPOINT WARNING * * *
You feel sick.
MP restored: 3 Drink which item? (? for menu, Esc to quit)
It was a potion of heal wounds.
That seemed strangely inert.
* * * LOW HITPOINT WARNING * * *
You feel sick.
You take 1 damage, and have 1/16 hp.
Unknown command.
Drink which item? (? for menu, Esc to quit)
It was a potion of resistance.
You feel protected.
You die...

.≈≈≈.. #.##.......##
##.###..##............
.. ........######.
.######.# .. #r# .#
###.# .# #...# .#
#.#.##.# #.#.r@.# #
#.##....... #.s
...#### #.. ##.# #..#
... ##.# ... .. .## ##


You could see a rat.

Vanquished Creatures
  An adder (D:2)
  A giant cockroach (D:1)
  A kobold (D:1)
  A giant newt (D:1)
  2 goblins (D:1)
6 creatures vanquished.

Notes
Turn   | Place    | Note
--------------------------------------------------------------
     0 | D:1      | imoen the Vine Stalker Monk began the quest for the Orb.
     0 | D:1      | Reached XP level 1. HP: 11/11 MP: 2/2
    58 | D:2      | Found a shadowy altar of Dithmenos.
    58 | D:2      | Found a glowing silver altar of Zin.
    59 | D:2      | Found a glowing golden altar of the Shining One.
    61 | D:2      | Found a white marble altar of Elyvilon.
    71 | D:2      | Found an ancient bone altar of Kikubaaqudgha.
    77 | D:2      | Found a shimmering altar of Xom.
   102 | D:2      | HP: 2/11 [adder (3)]
   103 | D:2      | Reached XP level 2. HP: 3/16 MP: 3/3
   105 | D:2      | Succumbed to an adder's poison

Action                   || total
-------------------------++-------
Melee: Unarmed           ||    23
       Bite              ||     4
       Punch             ||     1
  Use: Potion            ||     2
Armor: Robe              ||     5
Dodge: Dodged            ||    12

Vault maps used:
D:1:      dpeg_arrival_stonehenge_12_columns, nrook_uturn
D:2:      good_gods_mini_temple, nicolae_overflow_crystal_walls,
          lemuel_crystal_altar, grunt_temple_overflow_open, grunt_ministairs_15,
          kennysheep_flooded_box, amethyst_killhole, st_stairs_11,
          minmay_misc_feat_ornament, serial_bayou_ford_a, lemuel_statue_altar

Table legend:
 A = Turns spent in this place as a percentage of turns spent in the entire game.
 B = Non-inter-level travel turns spent in this place as a percentage of non-inter-level travel turns spent in the entire game.
 C = Inter-level travel turns spent in this place as a percentage of turns spent in this place.
 D = Turns resting spent in this place as a percentage of non-inter-level travel turns spent in this place.
 E = Turns spent auto-exploring this place as a percentage of non-inter-level travel turns spent in this place.
 F = Non-inter-level travel turns spent in this place divided by the number of levels of this place that you've seen.
                   A       B       C       D       E      F
               +-------+-------+-------+-------+-------+----------------------
         Total | 100.0 | 100.0 |   1.0 |   0.0 |   1.1 |  47.5
       Dungeon | 100.0 | 100.0 |   1.0 |   0.0 |   1.1 |  47.5
               +-------+-------+-------+-------+-------+----------------------

Table legend:
 A = Kills in this place as a percentage of kills in entire the game.
 B = Kills by you in this place as a percentage of kills by you in the entire game.
 C = Kills by friends in this place as a percentage of kills by friends in the entire game.
 D = Other kills in this place as a percentage of other kills in the entire game.
 E = Experience gained in this place as a percentage of experience gained in the entire game.
 F = Experience gained in this place divided by the number of levels of this place that you have seen.
                   A       B       C       D       E      F
               +-------+-------+-------+-------+-------+----------------------
         Total | 100.0 | 100.0 |  -nan |  -nan | 100.0 |  11.0
       Dungeon | 100.0 | 100.0 |  -nan |  -nan | 100.0 |  11.0
               +-------+-------+-------+-------+-------+----------------------
